 Dungeon Crawl Stone Soup version 0.23-a0-402-g64599a1 (webtiles) character file.

4274 ozpin88 the Basher (level 10, -3/90 HPs)
             Began as a Minotaur Berserker on Nov 4, 2018.
             Was a Follower of Makhleb.
             Slain by a komodo dragon (8 damage)
             ... on level 9 of the Dungeon.
             The game lasted 01:13:38 (7501 turns).

ozpin88 the Basher (Minotaur Berserker)             Turns: 7501, Time: 01:13:40

Health: -3/90      AC: 15    Str: 25    XL:     10   Next: 10%
Magic:  9/9        EV:  9    Int:  4    God:    Makhleb [*.....]
Gold:   261        SH:  0    Dex: 10    Spells: 9/9 levels left

rFire    + . .     SeeInvis +   D - +1 great mace (crush)
rCold    x . .     Gourm    .   (shield currently unavailable)
rNeg     . . .     Faith    .   V - +0 plate armour
rPois    .         Spirit   .   (helmet restricted)
rElec    .         Reflect  .   m - +0 cloak
rCorr    .         Harm     .   (no gloves)
MR       .....                  (no boots)
Stlth    ..........             (no amulet)
HPRegen  0.25/turn              P - ring of fire
MPRegen  0.11/turn              L - ring of see invisible

@: about to teleport, flying
A: retaliatory headbutt, horns 2
a: Renounce Religion


You were on level 9 of the Dungeon.
You worshipped Makhleb.
Makhleb was aware of your devotion.
You were not hungry.

You visited 2 branches of the dungeon, and saw 10 of its levels.

You collected 261 gold pieces.

Inventory:

Hand Weapons
 j - a +0 giant spiked club
 s - a +2 trident of piercing
 u - a +0 giant club
 D - a +1 great mace of crushing (weapon)
 I - a +2 short sword of venom
 M - a +2 spear of freezing
 S - a +5 spear
 T - a cursed +5 mace
 U - a cursed +2 dire flail
Missiles
 b - 50 poisoned needles
 i - 103 stones
 F - 11 tomahawks (quivered)
 W - 3 exploding tomahawks
Armour
 m - a +0 cloak (worn)
 v - a +0 ring mail of fire resistance
 G - a +0 ring mail of cold resistance
 V - a +0 plate armour (worn)
Jewellery
 n - a +3 ring of intelligence {unknown}
 o - an uncursed ring of ice
 L - a ring of see invisible (right hand)
 P - a ring of fire (left hand)
Wands
 g - a wand of iceblast (5)
 K - a wand of flame (11)
Scrolls
 d - 3 scrolls of fear {unknown}
 h - 10 scrolls of remove curse
 l - 4 scrolls of amnesia
 p - 5 scrolls of teleportation
 q - a scroll of random uselessness
 t - a scroll of noise {unknown}
 z - a scroll of enchant armour {unknown}
 A - a scroll of enchant weapon {unknown}
 R - 4 scrolls of fog {unknown}
Potions
 e - 4 potions of lignification {unknown}
 f - 2 potions of curing {unknown}
 k - a potion of cancellation {unknown}
 r - a potion of agility {unknown}
 w - a potion of haste {unknown}
 x - a potion of flight
 B - 2 potions of invisibility {unknown}
 C - a potion of degeneration {unknown}
 J - a potion of resistance {unknown}
Comestibles
 a - 4 chunks of flesh
 c - 13 rations


   Skills:
 + Level 8.4 Fighting
 + Level 11.0 Maces & Flails
 + Level 3.8 Polearms
 + Level 1.8 Throwing
 + Level 9.1 Armour
 + Level 5.9 Dodging
 + Level 1.1 Stealth
 + Level 0.4 Evocations


You had 9 spell levels left.
You didn't know any spells.
Your spell library contained the following spells:

 Spells                   Type           Power        Failure   Level  Hunger
 Animate Skeleton         Necr           N/A          99%         1    ##.....
 Apportation              Tloc           #.....       99%         1    ##.....
 Confusing Touch          Hex            #.....       99%         1    ##.....
 Pain                     Necr           #...         99%         1    ##.....
 Summon Small Mammal      Summ           #...         99%         1    ##.....
 Regeneration             Chrm/Necr      #.........   100%        3    ####...
 Vampiric Draining        Necr           #.........   100%        3    ####...
 Animate Dead             Necr           N/A          100%        4    #####..


Dungeon Overview and Level Annotations

Branches:
Dungeon (9/15)             Temple (1/1) D:7            Lair (0/6) D:9
    Orc: D:9-12

Altars:
Ashenzari
Cheibriados
Dithmenos
Elyvilon
Fedhas
Gozag
Hepliaklqana
Kikubaaqudgha
Makhleb
Nemelex Xobeh
Okawaru
Qazlal
Ru
Sif Muna
Trog
Uskayaw
Vehumet
Wu Jian
Xom
Zin
The Shining One


Innate Abilities, Weirdness & Mutations

You reflexively headbutt those who attack you in melee.
You have a pair of horns on your head.


Message History

A troll comes into view.
The phantom hits you but does no damage.
The howler monkey hoots and howls with incredible vigour!
The orc hits you but does no damage. The komodo dragon bites you!!
The howler monkey barely misses you.
The phantom hits you but does no damage.
You hear an angry hiss.
You hear a howl!
You hear a shout!
You hear a bellow!
As you read the scroll of teleportation, it crumbles to dust.
You feel strangely unstable.
The howler monkey hoots and howls with incredible vigour!
The orc hits you but does no damage. The komodo dragon bites you!!
* * * LOW HITPOINT WARNING * * *
The phantom closely misses you.
Something shouts, "Scamper hence, thou plume-plucked ill-breeding swadder!"
You hear a shout!
You hear a croak.
You feel very buoyant.
You fly up into the air.
The howler monkey hits you but does no damage.
The komodo dragon bites you!
You die...

..#.......#
#.#.......+..#
#.#.......#..#
+.#.......#T.#####
#.#.......#.......
#.#.......#...<...
.######.#.......#.o.....
.......<#...)..##hh.....
........####...W@###
######..##...P.lP..#
#.รท#......PP..P#
#......PPP.PPPP#
#......PPP..PPP#
#.....PPPP.>.PP#


#..#PPPPPPP..PP# #..##PPPPPPPPP## #..############ You could see a komodo dragon,
a troll, a phantom, 2 howler monkeys and an orc.

Vanquished Creatures
  The ghost of dracfodder the Covert, a novice SpAs of Dithmenos (D:5)
  A hippogriff (D:9)
  Sigmund (D:4)
  2 water moccasins
  Duvessa (D:5)
  3 orc warriors
  4 phantoms
  A sky beast (D:8)
  2 ogres (D:5)
  3 centaurs (D:5)
  Blork the orc (D:5)
  A gnoll sergeant (D:8)
  Dowan (D:5)
  A bullfrog (D:7)
  3 scorpions
  A howler monkey (D:5)
  9 wights (D:6)
  2 crimson imps
  5 hounds
  3 jellies
  6 orc priests
  3 centaur skeletons (D:6)
  A bullfrog skeleton (D:4)
  4 iguanas
  10 orc wizards
  3 worker ants
  A hound zombie (D:5)
  Robin (D:4)
  8 gnolls
  A howler monkey skeleton (D:5)
  6 adders
  An adder zombie (D:7)
  3 worms
  2 dart slugs (D:1)
  3 leopard geckos
  38 orcs
  3 ball pythons
  3 giant cockroaches
  17 goblins
  6 hobgoblins
  14 jackals
  10 kobolds
  6 quokkas
  3 bats (D:1)
  A frilled lizard (D:3)
  A leopard gecko skeleton (D:7)
  A quokka skeleton (D:4)
  4 rats
206 creatures vanquished.

Vanquished Creatures (others)
  A plant (D:9)
1 creature vanquished.

Grand Total: 207 creatures vanquished

Notes
Turn   | Place    | Note
-------+----------+-------------------------------------------
     0 | D:1      | ozpin88 the Minotaur Berserker began the quest for the Orb.
     0 | D:1      | Reached XP level 1. HP: 19/19 MP: 0/0
   150 | D:1      | Reached XP level 2. HP: 12/27 MP: 1/1
   557 | D:1      | Reached skill level 4 in Maces & Flails
  1047 | D:2      | Reached XP level 3. HP: 33/34 MP: 2/2
  1500 | D:3      | Reached XP level 4. HP: 27/41 MP: 3/3
  1740 | D:3      | Reached skill level 5 in Fighting
  1748 | D:3      | Reached ** piety under Trog
  1748 | D:3      | Reached skill level 5 in Maces & Flails
  1802 | D:3      | Found a faded altar of an unknown god.
  2081 | D:4      | Reached skill level 1 in Polearms
  2081 | D:4      | Reached XP level 5. HP: 21/48 MP: 4/4
  2377 | D:4      | Noticed a phantom
  2386 | D:4      | Killed a phantom
  2396 | D:4      | Noticed Robin
  2422 | D:4      | Killed Robin
  2437 | D:4      | Reached XP level 6. HP: 51/56 MP: 5/5
  2968 | D:4      | Reached *** piety under Trog
  2975 | D:4      | Reached skill level 1 in Throwing
  3017 | D:4      | Noticed Sigmund
  3028 | D:4      | Killed Sigmund
  3028 | D:4      | Reached XP level 7. HP: 61/61 MP: 6/6
  3123 | D:5      | Entered Level 5 of the Dungeon
  3123 | D:5      | Noticed Blork the orc
  3129 | D:5      | Killed Blork the orc
  3129 | D:5      | Reached skill level 6 in Maces & Flails
  3129 | D:5      | Reached skill level 5 in Armour
  3136 | D:5      | Reached skill level 1 in Stealth
  3136 | D:5      | Reached XP level 8. HP: 24/70 MP: 7/7
  3355 | D:5      | Reached skill level 7 in Maces & Flails
  4259 | D:5      | Noticed Duvessa
  4259 | D:5      | Noticed Dowan
  4261 | D:5      | Killed Duvessa
  4265 | D:5      | Killed Dowan
  4320 | D:5      | Found a transporter.
  4324 | D:5      | Found a transporter.
  4324 | D:5      | Noticed dracfodder's ghost (novice SpAs)
  4348 | D:5      | Reached skill level 8 in Maces & Flails
  4378 | D:5      | Killed dracfodder's ghost
  4526 | D:5      | Reached skill level 5 in Dodging
  4527 | D:5      | Reached XP level 9. HP: 61/78 MP: 8/8
  4835 | D:5      | Reached **** piety under Trog
  4939 | D:6      | Reached skill level 9 in Maces & Flails
  5125 | D:6      | Received a gift from Trog
  5204 | D:6      | Found a bloodstained altar of Trog.
  5206 | D:6      | Found a blossoming altar of Fedhas.
  5224 | D:6      | Reached skill level 10 in Maces & Flails
  5772 | D:6      | Found a hide-covered altar of Uskayaw.
  5790 | D:6      | Found an ornate altar of the Wu Jian Council.
  5793 | D:6      | Found a glowing golden altar of the Shining One.
  5795 | D:6      | Found a sacrificial altar of Ru.
  6052 | D:7      | Found a staircase to the Ecumenical Temple.
  6207 | Temple   | Entered the Ecumenical Temple
  6265 | Temple   | Fell from the grace of Trog
  6265 | Temple   | Became a worshipper of Makhleb the Destroyer
  6375 | D:7      | Found a radiant altar of Vehumet.
  6387 | D:7      | Found an ancient bone altar of Kikubaaqudgha.
  6388 | D:7      | Found a deep blue altar of Sif Muna.
  6400 | D:7      | Identified Kikubaaqudgha's Disquisition on Unholy Rituals
  7184 | D:8      | Reached * piety under Makhleb
  7201 | D:8      | Reached XP level 10. HP: 59/88 MP: 9/9
  7466 | D:9      | Reached skill level 11 in Maces & Flails
  7472 | D:9      | Found a staircase to the Lair.
  7501 | D:9      | Slain by a komodo dragon

Vault maps used:
D:1:      dpeg_arrival_shelter
D:2:      kennysheep_path_1, dk_noncrumbling_2
D:3:      chequers_ecumenical_altar_simple_redux
D:4:      first_ration, minmay_misc_feat_chi, uniq_robin, uniq_sigmund
D:5:      serial_shops, shop, gammafunk_ghost_arena, led_sif_pool,
          uniq_blork_the_orc, uniq_duvessa
D:6:      nicolae_overflow_hidden_temple, kennysheep_mini_moat,
          serial_corexii_hall, chequers_hall_statues_corner_a,
          chequers_hall_statues_wall_a, chequers_hall_statues_wall_a,
          corexii_hall_statues_s, hangedman_abyss_or_decor_stabs
D:7:      grunt_temple_overflow_magic_moments, yredelemnul_altar_generic,
          minmay_temple_entry_glass
D:9:      david_lair_shrubbed, serial_column_ruins, column_ruins_courtyard_long,
          column_ruins_columns_straight, column_ruins_grid_4,
          column_ruins_open_small, column_ruins_open_small,
          column_ruins_open_large, blue_anna_alchemist
Temple:   minmay_temple_bridge_abc

Skill      XL: |  1  2  3  4  5  6  7  8  9 10 |
---------------+-------------------------------+-----
Fighting       | 4 5 6 8 |  8.4
Maces & Flails | 4 5 6 8 10 11 | 11.0
Polearms       | 1 3 |  3.8
Dodging        | 3 5 |  5.9
Armour         | 3 4 5 7 8 9 |  9.1
Throwing       | 1 |  1.8
Stealth        | 1 |  1.1
Evocations     | |  0.4

Action                   |  1- 3 |  4- 6 |  7- 9 | 10-12 || total
-------------------------+-------+-------+-------+-------++-------
Melee: Mace              |    38 |       |       |       ||    38
       Headbutt          |    10 |    15 |    46 |     2 ||    73
       Whip              |    32 |     4 |       |       ||    36
       Trident           |       |    74 |       |       ||    74
       Great mace        |       |    27 |   279 |    35 ||   341
Throw: Stone             |       |    18 |       |       ||    18
Invok: Berserk           |     2 |     3 |     3 |       ||     8
       Trog's Hand       |       |       |     3 |       ||     3
Evoke: Wand              |       |     2 |       |       ||     2
  Use: Scroll            |     2 |     2 |     3 |     1 ||     8
       Potion            |       |     1 |     1 |     1 ||     3
  Eat: Chunk             |     3 |     3 |     2 |     1 ||     9
       Ration            |     1 |       |     5 |       ||     6
Armor: Animal skin       |     3 |       |       |       ||     3
       Leather armour    |    12 |       |       |       ||    12
       Ring mail         |       |    19 |       |       ||    19
       Scale mail        |       |    11 |    88 |       ||    99
       Chain mail        |       |       |    66 |     7 ||    73
       Plate armour      |       |       |       |    25 ||    25
Dodge: Dodged            |    46 |    58 |   186 |    24 ||   314

Table legend:
 A = Non-vault XP
 B = Vault XP
 C = Vault XP percentage of total XP
 D = Non-vault monster count
 E = Vault monster count
 F = Vault count percentage of total count
                 A         B        C        D         E       F
            +---------+---------+-------+---------+---------+-------
      Total |    4919 |    1188 |  19.5 |     187 |      19 |   9.2
            +---------+---------+-------+---------+---------+-------
        D:1 |      30 |       0 |   0.0 |      16 |       0 |   0.0
        D:2 |      47 |       0 |   0.0 |      17 |       0 |   0.0
        D:3 |     153 |       0 |   0.0 |      23 |       0 |   0.0
        D:4 |     651 |     267 |  29.1 |      27 |      13 |  32.5
        D:5 |    1109 |     921 |  45.4 |      29 |       6 |  17.1
        D:6 |    1250 |       0 |   0.0 |      30 |       0 |   0.0
        D:7 |     486 |       0 |   0.0 |      16 |       0 |   0.0
        D:8 |     783 |       0 |   0.0 |      25 |       0 |   0.0
        D:9 |     410 |       0 |   0.0 |       4 |       0 |   0.0
            +---------+---------+-------+---------+---------+-------
